 Dungeon Crawl Stone Soup version 0.13-a0-3104-gb5885e9 (webtiles) character file.

202 Malachi the Skirmisher (level 4, 0/36 HPs)
             Began as a Mummy Berserker on Sept 20, 2013.
             Was a Priest of Trog.
             Slain by an ogre
             ... wielding a +0,+0 giant club
              (11 damage)
             ... on Level 4 of the Dungeon.
             The game lasted 00:04:16 (2441 turns).

Malachi the Skirmisher (Mummy Berserker)            Turns: 2441, Time: 00:04:16

HP   0/36        AC  7     Str 21      XL: 4   Next: 41%
MP   3/3         EV 10     Int  8      God: Trog [***...]
Gold 106         SH  0     Dex 11      Spells:  0 memorised,  3 levels left

Res.Fire  : x . .   See Invis. : .   a - +0 falchion
Res.Cold  : + . .   Warding    : .   g - +2 ring mail
Life Prot.: + + +   Conserve   : .   (no shield)
Res.Poison: +       Res.Corr.  : .   (no helmet)
Res.Elec. : .       Clarity    : .   (no cloak)
Sust.Abil.: . .     Spirit.Shd : .   (no gloves)
Res.Mut.  : .       Stasis     : .   (no boots)
Res.Rott. : +       Flight     : .   (no amulet)
Saprovore : . . .                    (no ring)
                                     f - +2 ring of intelligence

@: slightly resistant to hostile enchantments, very unstealthy
A: no food or potions, fire vulnerability, restore body, cold resistance 1, life
protection 3, poison resistance, torment resistance, unbreathing
a: Burn Spellbooks, Berserk, Trog's Hand, Renounce Religion


You were on level 4 of the Dungeon.
You worshipped Trog.
Trog was greatly pleased with you.
You were not hungry.

You visited 1 branch of the dungeon, and saw 4 of its levels.

You collected 86 gold pieces.

Inventory:

Hand weapons
 a - a +0,+0 falchion (weapon)
 e - a +2,+2 hand axe of chopping (quivered)
Armour
 g - a +2 ring mail (worn)
Scrolls
 b - 3 scrolls of remove curse {unknown}
 c - 2 scrolls of fear {unknown}
 d - 4 scrolls of identify
 h - a scroll of curse armour {unknown}
Jewellery
 f - a +2 ring of intelligence (left hand)


   Skills:
 + Level 3.5 Fighting
 + Level 3.1 Long Blades
 + Level 1.9 Armour
 + Level 2.4 Dodging
 + Level 0.6 Stealth


You had 3 spell levels left.
You didn't know any spells.

Dungeon Overview and Level Annotations

Branches:
Dungeon (4/27)
 Temple: D:4-7

Altars:

Shops:
D:4 %

Annotations:
D:3 1 exclusion, Grinder


Innate Abilities, Weirdness & Mutations

You do not eat or drink.
Your flesh is vulnerable to fire.
Your flesh is cold resistant.
You are immune to negative energy.
Your system is resistant to poisons.
You are immune to unholy pain and torment.
You can survive without breathing.


Message History

Found 13 stones.
Found a stone staircase leading down.
Found a leather armour.
You see here a leather armour.
An ogre comes into view. It is wielding a giant club.
An ogre is nearby!
An ogre is nearby!
That item cannot be evoked!
Your ring mail prevents you from hitting the ogre.
The ogre hits you with a giant club!
You hit the ogre.
The ogre is lightly wounded.
The ogre barely misses you.
You completely miss the ogre.
The ogre is lightly wounded.
The ogre hits you with a giant club!
* * * LOW HITPOINT WARNING * * *
You see here a leather armour.
The ogre hits you with a giant club!
You die...

#########.............⌠.⌠
...(.....................
########.################
#.# #.# #.# #########.#
..>.......################
.........@O...[...........
#########################


You could see an ogre.

Vanquished Creatures
  3 adders
  2 giant geckos
  6 bats
  2 giant cockroaches
  12 hobgoblins
  9 jackals
  4 quokkas
  A ball python (D:3)
  5 giant newts
  7 goblins
  6 kobolds
  8 rats
65 creatures vanquished.

Vanquished Creatures (others)
  A worker ant (D:4)
  A goblin (D:4)
  A ball python (D:4)
3 creatures vanquished.

Grand Total: 68 creatures vanquished

Notes
Turn   | Place    | Note
--------------------------------------------------------------
     0 | D:1      | Malachi, the Mummy Berserker, began the quest for the Orb.
     0 | D:1      | Reached XP level 1. HP: 18/18 MP: 0/0
   106 | D:1      | Reached XP level 2. HP: 8/24 MP: 1/1
   801 | D:1      | Acquired Trog's second power
  1107 | D:1      | Reached XP level 3. HP: 26/30 MP: 2/2
  1718 | D:2      | Reached XP level 4. HP: 33/36 MP: 3/3
  2265 | D:3      | Noticed Grinder
  2372 | D:4      | Found Vuall's Food Shop.
  2416 | D:4      | Noticed an ogre
  2441 | D:4      | Slain by an ogre

Action                   |  1- 3 |  4- 6 || total
-------------------------+-------+-------++-------
Melee: Falchion          |   163 |    83 ||   246
  Use: Scroll            |     4 |       ||     4
